 Dungeon Crawl Stone Soup version 0.24.0-37-gcf1ca852f1 (webtiles) character file.

Game seed: 1744057598391918432, levelgen mode: deterministic

859 Iamsoldier the Shield-Bearer (level 7, -6/66 HPs)
             Began as a Deep Dwarf Fighter on Dec 4, 2019.
             Mangled by an ogre
             ... wielding a +0 giant spiked club
              (25 damage)
             ... on level 5 of the Dungeon.
             The game lasted 00:08:23 (3443 turns).

Iamsoldier the Shield-Bearer (Deep Dwarf Fighter)   Turns: 3443, Time: 00:08:23

Health: -6/66      AC: 10    Str: 21    XL:     7   Next: 71%
Magic:  0/4        EV:  6    Int:  9    God:
Gold:   164        SH: 10    Dex: 12    Spells: 6/6 levels left

rFire    . . .     SeeInvis .   a - +0 war axe
rCold    . . .     Gourm    .   c - +0 shield
rNeg     + . .     Faith    .   m - +0 chain mail
rPois    .         Spirit   +   (no helmet)
rElec    .         Reflect  .   (no cloak)
rCorr    .         Harm     .   (no gloves)
MR       ++...                  (no boots)
Stlth    ..........             e - amulet of guardian spirit
HPRegen  0.00/turn              i - ring of protection from magic
MPRegen  0.09/turn              r - ring of positive energy

@: non-regenerating
A: damage resistance, heal wounds, sense surroundings 1, no regeneration
a: Heal Wounds


You were on level 5 of the Dungeon.
You were not hungry.

You visited 1 branch of the dungeon, and saw 5 of its levels.

You collected 164 gold pieces.

Inventory:

Hand Weapons
 a - a +0 war axe (weapon)
Armour
 b - a +0 scale mail
 c - a +0 shield (worn)
 m - a +0 chain mail (worn)
Jewellery
 e - an amulet of guardian spirit (around neck)
 i - a ring of protection from magic (left hand)
 r - a ring of positive energy (right hand)
Wands
 o - a wand of flame (18)
 t - a wand of random effects (34)
 w - a wand of iceblast (11)
Scrolls
 g - 2 scrolls of teleportation
 n - 5 scrolls of identify
 x - 3 scrolls of enchant weapon {unknown}
Potions
 d - a potion of might
 h - 2 potions of brilliance
 j - a potion of curing
 l - a potion of invisibility {unknown}
 p - a potion of flight {unknown}
 s - a potion of heal wounds {unknown}
 u - a potion of lignification {unknown}
Comestibles
 f - 6 rations
 k - 6 chunks of flesh


   Skills:
 + Level 4.8 Fighting
 + Level 5.2 Axes
 + Level 5.7 Armour
 + Level 5.8 Shields


You had 6 spell levels left.
You didn't know any spells.
Your spell library contained the following spells:

 Spells                   Type           Power        Failure   Level  Hunger
 Magic Dart               Conj           #...         100%        1    ##.....
 Shock                    Conj/Air       #...         100%        1    ##.....
 Blink                    Tloc           N/A          100%        2    ###....
 Call Imp                 Summ           #.......     100%        2    ###....
 Slow                     Hex            #.......     100%        2    ###....
 Swiftness                Chrm/Air       #.......     100%        2    ###....
 Conjure Flame            Conj/Fire      #.......     100%        3    ####...
 Mephitic Cloud           Conj/Pois/Air  #.......     100%        3    ####...
 Static Discharge         Conj/Air       #.......     100%        3    ####...
 Airstrike                Air            #.........   100%        4    #####..
 Lightning Bolt           Conj/Air       #.........   100%        5    ######.


Dungeon Overview and Level Annotations

Branches:
Dungeon (5/15)
 Temple: D:4-7

Altars:
Gozag
Kikubaaqudgha
Trog
Uskayaw
Zin


Innate Abilities, Weirdness & Mutations

You are resistant to damage.
You can heal yourself by infusing magical energy.
You passively map a small area around you.
You do not regenerate.


Message History

You kill the worm!
You see here a worm corpse.
You see here a worm corpse.
You butcher the worm corpse.
k - 5 chunks of flesh (gained 2)
You see here a hound corpse.
You butcher the hound corpse.
k - 6 chunks of flesh (gained 1)
You see here a hound skeleton.
Found a stone staircase leading down.
An ogre comes into view. It is wielding a +0 giant spiked club.
The ogre shouts!
Found a war axe.
The ogre completely misses you.
Your shield and chain mail prevent you from hitting the ogre.
The ogre hits you with a +0 giant spiked club!
* * * LOW HITPOINT WARNING * * *
Your shield and chain mail prevent you from hitting the ogre.
The ogre hits you with a +0 giant spiked club!!
You die...

....
*.##..###
.Ť.. ..#.##
* #.#.#
#.#.# #.#.#
Š* * #...# >
Š##..#
Š....####..#
.)....O@.>#
,
.##.#######
,, , * , , *
* * *


You could see an ogre.

Vanquished Creatures
  Sigmund (D:2)
  2 ogres
  A sky beast (D:5)
  A centaur (D:5)
  A scorpion (D:4)
  A crimson imp (D:5)
  A hound (D:5)
  2 orc priests (D:4)
  An iguana (D:4)
  Ijyb (D:4)
  A howler monkey zombie (D:5)
  2 adders
  A shadow imp (D:5)
  2 adder skeletons
  3 worms
  A dart slug (D:1)
  3 leopard geckos
  9 orcs
  8 bats
  5 giant cockroaches
  13 hobgoblins
  9 jackals
  4 quokkas
  7 frilled lizards
  A goblin (D:2)
  10 kobolds
  A leopard gecko skeleton (D:4)
  7 rats
  A rat zombie (D:3)
100 creatures vanquished.

Notes
Turn   | Place    | Note
-------+----------+-------------------------------------------
     0 | D:1      | Iamsoldier the Deep Dwarf Fighter began the quest for the
                  | Orb.
     0 | D:1      | Reached XP level 1. HP: 20/20 MP: 1/1
    19 | D:1      | Reached XP level 2. HP: 17/27 MP: 2/2
   347 | D:1      | Reached XP level 3. HP: 10/34 MP: 0/3
   801 | D:2      | Found a faded altar of an unknown god.
   931 | D:2      | Noticed Sigmund
   988 | D:2      | Killed Sigmund
   988 | D:2      | Reached XP level 4. HP: 42/44 MP: 0/3
   988 | D:2      | Reached XP level 5. HP: 48/50 MP: 0/4
  2041 | D:3      | Found an ancient bone altar of Kikubaaqudgha.
  2246 | D:3      | Found a hide-covered altar of Uskayaw.
  2553 | D:4      | Reached XP level 6. HP: 40/57 MP: 0/3
  2573 | D:4      | Noticed Ijyb
  2601 | D:4      | Killed Ijyb
  2604 | D:4      | Reached skill level 5 in Armour
  2604 | D:4      | Reached skill level 5 in Shields
  3013 | D:4      | HP: 1/57 [ogre/+0 giant club (8)]
  3016 | D:4      | Reached XP level 7. HP: 1/64 MP: 0/4
  3182 | D:5      | Entered Level 5 of the Dungeon
  3335 | D:5      | Reached skill level 5 in Axes
  3391 | D:5      | Found an opulent altar of Gozag.
  3392 | D:5      | Found a bloodstained altar of Trog.
  3395 | D:5      | Found a glowing silver altar of Zin.
  3443 | D:5      | Mangled by an ogre

Levels and vault maps discovered:
D:1:      wander_arrival_lonely_grave, layout_basic,
          hangedman_abyss_or_decor_stabs
D:2:      layout_basic, chequers_ecumenical_altar_lobes, uniq_sigmund
D:3:      layout_loops_cross, lemuel_zombie_altar_kikubaaqudgha,
          marbit_many_paths, chequers_serial_rivers_micro_e,
          wad_floor_pattern_untrapped
D:4:      layout_loops_ring, uniq_ijyb
D:5:      layout_basic, nicolae_qazlal_general_emergency,
          grunt_temple_overflow_open, minmay_temple_entry_glassed_door,
          serial_shops, kennysheep_mini, first_ration

Skill      XL: |  1  2  3  4  5  6  7 |
---------------+----------------------+-----
Fighting       | 3 4 |  4.8
Axes           | 3 4 5 |  5.2
Armour         | 4 5 |  5.7
Shields        | 4 5 |  5.8

Action                   |  1- 3 |  4- 6 |  7- 9 || total
-------------------------+-------+-------+-------++-------
Melee: War axe           |   112 |   169 |    50 ||   331
 Abil: Heal Wounds       |     2 |     3 |     2 ||     7
  Use: Scroll            |     2 |     4 |     1 ||     7
       Potion            |       |     1 |       ||     1
  Eat: Chunk             |       |     7 |     2 ||     9
Armor: Scale mail        |    35 |       |       ||    35
       Chain mail        |    10 |    94 |    26 ||   130
Dodge: Dodged            |    35 |    43 |    16 ||    94
Block: Shield            |    59 |   101 |    26 ||   186
